 Dungeon Crawl Stone Soup version 0.31-a0-774-g0d66cbabe8 (webtiles) character file.

Game seed: 11876449488011843889

17613 snarfax the Bludgeoner (level 12, -4/118 HPs)
             Began as a Troll Fighter on Sept 17, 2023.
             Was the Champion of Elyvilon.
             Slain by a sun demon (13 damage)
             ... summoned by an obsidian statue
             ... in a volcano on Sept 18, 2023.
             The game lasted 00:34:20 (8945 turns).

snarfax the Bludgeoner (Troll Fighter)              Turns: 8945, Time: 00:34:21

Health: -4/118     AC:  0    Str: 31    XL:     12   Next: 20%
Magic:  11/11      EV: 15    Int:  4    God:    Elyvilon [******]
Gold:   640        SH: 12    Dex: 15    Spells: 11/11 levels left

rFire   . . .        p - +1 morningstar (spect)
rCold   . . .        c - +3 kite shield
rNeg    . . .        y - +0 steam dragon scales
rPois   .            (helmet restricted)
rElec   .            r - +0 cloak
rCorr   .            (gloves unavailable)
SInv    .            (boots unavailable)
Will    .....        (no amulet)
Stlth   +            G - +6 ring of dexterity
HPRegen 1.19/turn    e - +5 ring of evasion
MPRegen 0.12/turn

%: no passive effects
@: corroded
A: large, unfitting armour, claws 3, regeneration 1, shaggy fur 1, tough skin 1
a: Renounce Religion, Purification, Heal Other, Heal Self, Divine Vigour


You were in a volcano.
You worshipped Elyvilon.
Elyvilon was exalted by your worship.
You visited 3 branches of the dungeon, and saw 13 of its levels.
You also visited: Volcano.

You collected 640 gold pieces.

Inventory:

Hand Weapons
 a - a +0 flail
 p - a +1 spectral morningstar (weapon)
 C - the +10 long sword of Equilibrium {flame, rN+ Int+5}
   (You found it on level 9 of the Dungeon)

   Int+5:     It affects your intelligence (+5).
   rN+:       It protects you from negative energy.
Missiles
 v - 6 poisoned darts (quivered)
 z - 5 boomerangs
Armour
 c - a +3 kite shield (worn)
 l - a scarf of shadows
 r - a +0 cloak (worn)
 y - +0 steam dragon scales (worn)
Jewellery
 e - a +5 ring of evasion (right claw)
 w - a ring of flight
 G - a +6 ring of dexterity (left claw)
Wands
 h - a wand of paralysis (20)
 o - a wand of polymorph (1)
 x - a wand of iceblast (6)
Scrolls
 g - 3 scrolls of teleportation
 q - 2 scrolls of immolation
 u - a scroll of poison
 I - 3 scrolls of noise
Potions
 d - 3 potions of might
 f - 2 potions of lignification
 i - a potion of haste
 j - 6 potions of curing
 m - 2 potions of enlightenment
 n - 2 potions of mutation
 s - a potion of cancellation
 t - 2 potions of resistance {unknown}
 B - a potion of magic
 F - a potion of invisibility {unknown}
 J - a potion of attraction


   Skills:
 * Level 7.3 Fighting
 - Level 16.0 Maces & Flails
 + Level 3.8 Dodging
 - Level 5.0 Shields


You had 11 spell levels left.
You didn't know any spells.
Your spell library contained the following spells:

 Spells                   Type           Power      Damage    Failure   Level
 Magic Dart               Conj           0%         1d3       71%         1
 Call Imp                 Summ           0%         N/A       83%         2
 Lesser Beckoning         Tloc           0%         N/A       83%         2
 Dazzling Flash           Conj/Hex       0%         N/A       97%         3
 Gell's Gravitas          Tloc           0%         N/A       97%         3
 Mephitic Cloud           Conj/Pois/Air  0%         N/A       97%         3
 Teleport Other           Tloc           0%         N/A       97%         3
 Agony                    Necr           0%         N/A       100%        5
 Silence                  Hex/Air        0%         N/A       100%        5
 Dispersal                Tloc           0%         N/A       100%        6


Dungeon Overview and Level Annotations

Branches:
Dungeon (9/15)             Temple (1/1) D:6            Lair (3/5) D:8
Volcano (1/1)
  Swamp: Lair:2-3    Shoals: Lair:2-3     Snake: Lair:2-3    Spider: Lair:2-3
    Orc: D:9-12

Altars:
Ashenzari
Cheibriados
Dithmenos
Elyvilon
Fedhas
Gozag
Hepliaklqana
Kikubaaqudgha
Makhleb
Nemelex Xobeh
Qazlal
Ru
Sif Muna
Trog
Uskayaw
Vehumet
Wu Jian
Xom
Yredelemnul
Zin
The Shining One

Shops:
D:6 :

Annotations:
D:7 3 runed translucent doors, Eugor's ghost, novice DECj
D:9 1 transporter Volcano exclusion: obsidian statue


Innate Abilities, Weirdness & Mutations

You are too large for most types of armour.
You have claws for hands.
Your natural rate of healing is unusually fast.
You are covered in fur. (AC +1)
You have tough skin. (AC +1)


Message History

Found a leather armour of fire resistance and 23 gold pieces.
Found 14 gold pieces.
You barely miss the salamander mystic.
Your +1 spectral morningstar hits the salamander mystic!!
The sun demon misses your +1 spectral morningstar.
You block the salamander mystic's attack.
You impale the salamander mystic!!
The salamander mystic is severely wounded.
Your +1 spectral morningstar hits the salamander mystic!!
You kill the salamander mystic!
The sun demon misses your +1 spectral morningstar.
Your +1 spectral morningstar disappears.
You hit the sun demon but do no damage. The sun demon barely misses you.
The rust devil hits you! The rust devil corrodes you!
You completely miss the sun demon. The sun demon hits you!!
You are engulfed in flames!!
You block the rust devil's attack.
You hit the sun demon.
The sun demon is lightly wounded.
You block the sun demon's attack.
Unknown command.
You completely miss the sun demon. The rust devil hits you.
The rust devil corrodes you! You block the sun demon's attack.
You sock the sun demon!
The sun demon is lightly wounded.
You block the rust devil's attack. The sun demon hits you!!
You are engulfed in flames!!
* * * LOW HITPOINT WARNING * * *
You puncture the sun demon!
The sun demon is moderately wounded.
You block the sun demon's attack. The rust devil completely misses you.
The sun demon attacks as it pursues you!
The sun demon completely misses you.
The sun demon attacks as it pursues you!
The sun demon hits you!
* * * LOW HITPOINT WARNING * * *
You are engulfed in flames!
Elyvilon protects you from harm!
There is a rocky tunnel leading out of this place here.
The sun demon hits you!
You die...

###### #'#
########.#
#∩.......# $$$
#####....# [...
##.......##...≈.
#._......'.....8
##.......##...≈.
#####....# ...
#@34.)...# $
##########


You could see a sun demon (summoned) and a rust devil (summoned).

Vanquished Creatures
  A boulder beetle (Lair:1)
  A two-headed ogre (D:9)
  A hell knight (Volcano)
  A skyshark (Lair:1)
  A salamander mystic (Volcano)
  A lindwurm (Lair:3)
  3 salamanders (Volcano)
  3 black mambas (Lair:1)
  4 cane toads
  A rime drake (Lair:1)
  2 komodo dragons (Lair:1)
  2 polar bears (Lair:2)
  A blink frog (Lair:3)
  18 yaks
  A steam dragon (D:7)
  4 fire bats (Volcano)
  7 water moccasins
  2 orc warriors
  An ice beast (D:8)
  2 black bears (D:8)
  6 ogres
  2 centaurs
  13 wolves
  2 phantoms
  2 kobold brigands
  4 scorpions
  12 bullfrogs
  18 wights
  4 killer bees (D:9)
  An electric eel (D:7)
  A howler monkey (D:5)
  6 lava snakes (Volcano)
  4 jellies
  4 hounds
  7 orc priests
  4 iguanas
  2 sleepcaps
  5 orc wizards
  A killer bee zombie (D:7)
  A howler monkey zombie (D:7)
  4 gnolls
  7 adders
  3 shadow imps
  2 white imps
  2 worms (D:2)
  3 dart slugs
  20 orcs
  6 bats
  8 endoplasms
  8 giant cockroaches
  6 goblins
  6 hobgoblins
  6 jackals
  18 kobolds
  4 quokkas
  6 ball pythons
  3 frilled lizards
  7 rats
  A spectral kobold (D:2)
276 creatures vanquished.

Vanquished Creatures (others)
  3 spectral weapons
3 creatures vanquished.

Grand Total: 279 creatures vanquished

Notes
Turn   | Place    | Note
-------+----------+-------------------------------------------
     0 | D:1      | snarfax the Troll Fighter began the quest for the Orb.
     0 | D:1      | Reached XP level 1. HP: 22/22 MP: 0/0
    44 | D:1      | Reached skill level 2 in Maces & Flails
    95 | D:1      | Reached XP level 2. HP: 29/29 MP: 1/1
   205 | D:1      | Reached XP level 3. HP: 36/36 MP: 2/2
   735 | D:2      | Reached skill level 3 in Maces & Flails
   838 | D:2      | Found a faded altar of an unknown god.
   845 | D:2      | Reached XP level 4. HP: 44/44 MP: 3/3
  1469 | D:3      | Found a white marble altar of Elyvilon.
  1485 | D:3      | Became a worshipper of Elyvilon the Healer
  1489 | D:3      | Found a shimmering blue altar of Sif Muna.
  1598 | D:3      | Reached XP level 5. HP: 50/50 MP: 4/4
  2017 | D:4      | Reached skill level 4 in Maces & Flails
  2128 | D:4      | Reached * piety under Elyvilon
  2303 | D:4      | Noticed an ogre
  2322 | D:4      | Killed an ogre
  2323 | D:4      | Reached XP level 6. HP: 34/59 MP: 5/5
  2430 | D:4      | Found a hazy altar of Hepliaklqana.
  2839 | D:5      | Entered Level 5 of the Dungeon
  2909 | D:5      | Reached skill level 5 in Maces & Flails
  2972 | D:5      | Found a sacrificial altar of Ru.
  2978 | D:5      | Reached ** piety under Elyvilon
  2983 | D:5      | Found a glowing golden altar of the Shining One.
  2987 | D:5      | Reached skill level 5 in Shields
  2995 | D:5      | Reached XP level 7. HP: 63/66 MP: 6/6
  3093 | D:5      | Found an opulent altar of Gozag.
  3108 | D:5      | Reached skill level 6 in Maces & Flails
  3178 | D:5      | Found a blossoming altar of Fedhas.
  3230 | D:5      | Found a shadowy altar of Dithmenos.
  3391 | D:5      | Reached skill level 7 in Maces & Flails
  3517 | D:6      | Reached XP level 8. HP: 59/74 MP: 7/7
  3561 | D:6      | Reached skill level 8 in Maces & Flails
  3621 | D:6      | Found a staircase to the Ecumenical Temple.
  3636 | Temple   | Entered the Ecumenical Temple
  3652 | D:6      | Reached *** piety under Elyvilon
  3807 | D:6      | Reached skill level 9 in Maces & Flails
  3838 | D:6      | Found a bloodstained altar of Trog.
  3996 | D:6      | Found Gigot's Book Emporium.
  4310 | D:7      | Reached **** piety under Elyvilon
  4433 | D:7      | Reached skill level 10 in Maces & Flails
  4460 | D:7      | Reached XP level 9. HP: 74/80 MP: 8/8
  4558 | D:7      | Found a runed translucent gate.
  4558 | D:7      | Found a runed translucent gate.
  4558 | D:7      | Found a runed translucent gate.
  4558 | D:7      | Noticed Eugor's ghost (novice DECj)
  4560 | D:7      | Found a basalt altar of Yredelemnul.
  4703 | D:7      | HP: 3/80 [electric eel/bolt of electricity (7)]
  5008 | D:8      | Found a glowing silver altar of Zin.
  5079 | D:8      | Reached skill level 11 in Maces & Flails
  5322 | D:8      | Reached skill level 12 in Maces & Flails
  5451 | D:8      | Found a staircase to the Lair.
  5484 | D:8      | Reached ***** piety under Elyvilon
  5547 | D:8      | Reached XP level 10. HP: 81/88 MP: 9/9
  5559 | D:8      | Found an ornate altar of the Wu Jian Council.
  5933 | D:9      | Reached skill level 13 in Maces & Flails
  5935 | D:9      | Noticed a two-headed ogre
  5944 | D:9      | Killed a two-headed ogre
  5993 | D:9      | Identified the +10 long sword of Equilibrium {flame, rN+
                  | Int+5}
  6417 | D:9      | Found a sparkling altar of Nemelex Xobeh.
  6417 | D:9      | Found a transporter.
  6417 | D:9      | Noticed a green very ugly thing
  6614 | D:9      | Reached skill level 14 in Maces & Flails
  6866 | Lair:1   | Entered Level 1 of the Lair of Beasts
  6898 | Lair:1   | Noticed a cane toad
  6903 | Lair:1   | Killed a cane toad
  6981 | Lair:1   | Noticed a black mamba
  6987 | Lair:1   | Killed a black mamba
  7002 | Lair:1   | Noticed a black mamba
  7006 | Lair:1   | Killed a black mamba
  7008 | Lair:1   | Reached XP level 11. HP: 72/98 MP: 10/10
  7048 | Lair:1   | Noticed a boulder beetle
  7058 | Lair:1   | Killed a boulder beetle
  7093 | Lair:1   | Noticed a skyshark
  7112 | Lair:1   | Killed a skyshark
  7345 | Lair:1   | Reached skill level 15 in Maces & Flails
  7626 | Lair:2   | Reached skill level 5 in Fighting
  7842 | Lair:2   | Reached ****** piety under Elyvilon
  8187 | Lair:2   | Noticed a seven-headed hydra
  8379 | Lair:3   | Reached skill level 16 in Maces & Flails
  8493 | Lair:3   | Found a dark tunnel.
  8495 | Lair:3   | Noticed a lindwurm
  8501 | Lair:3   | Killed a lindwurm
  8535 | Volcano  | Entered a volcano
  8639 | Volcano  | Reached XP level 12. HP: 98/115 MP: 11/11
  8739 | Volcano  | HP: 2/115 [hell knight/+1 scimitar of flaming (15)]
  8905 | Volcano  | Found a bloodstained altar of Trog.
  8943 | Volcano  | Elyvilon protects you from harm!
  8945 | Volcano  | Slain by a sun demon

Illustrated notes

Levels and vault maps discovered:
D:1:      psy_arrival_terrarium, layout_rooms, minmay_worlds_worst_comb
D:2:      layout_loops_ring, dreamdust_ecumenical_altar_drowned_temple
D:3:      cheibrodos_old_hovel, layout_basic,
          mainiacjoe_overflow_large_starburst
D:4:      layout_basic, lemuel_tele_altar, kennysheep_small_spiral
D:5:      layout_cave_pools, fedhas_altar_2, nicolae_overflow_quartered_altars,
          minmay_quadrilaterals
D:6:      layout_rooms, mainiacjoe_overflow_24_doors, minmay_temple_entry_tees,
          serial_shops, nicolae_shop_pleasant_corner_grove, st_stairs_3
D:7:      cheibrodos_two_vegetables, layout_basic,
          nicolae_yredelemnul_ghost_church
D:8:      layout_cave_pods, mainiacjoe_overflow_surrounded_room,
          overflow_temple_1_default, due_lair_maze_entry_diamond
D:9:      layout_gridville, grunt_nemelex_the_gamble
Temple:   nicolae_temple_superstar
Lair:1:   layout_roguey, nzn_sisyphean_effort
Lair:2:   layout_cave_pods, minmay_swamp_entry_worms,
          hellmonk_spider_entry_not_the_bees, lemuel_fruit_fields,
          grunt_megastairs_2
Lair:3:   layout_regular_city, nicolae_volcano_entry_vermiform,
          grunt_megastairs_4
Volcano:  volcano_grotto [vgs_statue_spotlight]

Skill      XL: |  1  2  3  4  5  6  7  8  9 10 11 12 |
---------------+-------------------------------------+-----
Maces & Flails | 2 3 4 5 7 10 12 14 16 | 16.0
Shields        | 3 4 5 |  5.0
Fighting       | 3 6 7 |  7.3
Dodging        | 3 |  3.8

Action                     |  1- 3 |  4- 6 |  7- 9 | 10-12 || total
---------------------------+-------+-------+-------+-------++-------
  Melee: Flail             |   140 |   102 |       |       ||   242
         Morningstar       |       |    79 |   232 |   310 ||   621
         Long sword        |       |       |       |     1 ||     1
  Throw: Dart              |       |       |       |     2 ||     2
  Evoke: Wand              |       |       |       |     3 ||     3
    Use: Scroll            |     2 |     6 |    10 |     9 ||    27
         Potion            |       |       |     1 |     4 ||     5
   Stab: Distracted        |       |       |     1 |     8 ||     9
 Armour: Robe              |    97 |   124 |    83 |       ||   304
         Steam dragon scal |       |       |    57 |   194 ||   251
  Dodge: Dodged            |    61 |    68 |    66 |   123 ||   318
  Block: Kite shield       |    58 |    88 |   114 |   177 ||   437

Table legend: (Time is in decaauts)
 A = Elapsed time spent in this place.
 B = Non-inter-level travel time spent in this place.
 C = Inter-level travel time spent in this place.
 D = Time resting spent in this place.
 E = Time spent auto-exploring this place.
 F = Levels seen in this place.
 G = Mean time per level.
                   A        B        C        D        E       F      G
               +--------+--------+--------+--------+--------+-----+--------+
         Total |   9041 |   8709 |    332 |    392 |   5822 |  14 |  645.8 |
       Dungeon |   7007 |   6751 |    256 |    280 |   4816 |   9 |  778.6 |
        Temple |      1 |      1 |      0 |      0 |      0 |   1 |    1.0 |
          Lair |   1648 |   1573 |     75 |     37 |   1006 |   3 |  549.3 |
       Volcano |    383 |    383 |      0 |     75 |      0 |   1 |  383.0 |
               +--------+--------+--------+--------+--------+-----+--------+

Top non-repeatable levels by time:
     D:8: 997 daAuts
     D:9: 957 daAuts
     D:4: 913 daAuts
     D:7: 867 daAuts
  Lair:1: 805 daAuts
     D:2: 795 daAuts
     D:3: 741 daAuts
     D:5: 648 daAuts
  Lair:2: 646 daAuts
     D:6: 584 daAuts
     D:1: 501 daAuts
 Volcano: 383 daAuts
  Lair:3: 196 daAuts
  Temple: 1 daAuts
